 Dungeon Crawl Stone Soup version 0.20.2-3-g29329e0561 (webtiles) character file.

494 Alfie the Skirmisher (level 7, -5/60 HPs)
             Began as a Hill Orc Fighter on Feb 14, 2023.
             Slain by an ogre
             ... wielding a +0 giant spiked club
              (20 damage)
             ... on level 4 of the Dungeon.
             The game lasted 00:06:20 (2409 turns).

Alfie the Skirmisher (Hill Orc Fighter)             Turns: 2409, Time: 00:06:21

Health: -5/60      AC:  7    Str: 21    XL:     7   Next: 15%
Magic:  7/7        EV:  8    Int:  8    God:
Gold:   148        SH:  9    Dex: 10    Spells: 6/6 levels left

rFire    . . .     SeeInvis .   a - +0 rapier
rCold    . . .     Gourm    .   c - +0 shield
rNeg     . . .     Faith    .   b - +0 scale mail
rPois    .         Spirit   .   (no helmet)
rElec    .         Reflect  .   (no cloak)
rCorr    .         Harm     .   (no gloves)
MR       .....                  (no boots)
Stlth    ..........             (no amulet)
Regen    0.2/turn               (no ring)
MPRegen  0.1/turn               (no ring)

@: no status effects
A: no striking features
a: no special abilities


You were on level 4 of the Dungeon.
You were not hungry.

You visited 1 branch of the dungeon, and saw 4 of its levels.

You collected 148 gold pieces.

Inventory:

Hand Weapons
 a - a +0 rapier (weapon)
Missiles
 v - 5 tomahawks (quivered)
Armour
 b - a +0 scale mail (worn)
 c - a +0 shield (worn)
Jewellery
 i - an uncursed ring of protection from cold {unknown}
 j - an uncursed amulet of harm {unknown}
 p - a +2 ring of intelligence {unknown}
 s - a cursed ring of teleportation {unknown}
Scrolls
 d - 2 scrolls of amnesia {unknown}
 g - a scroll of remove curse
 k - a scroll of random uselessness {unknown}
 l - a scroll of identify {unknown}
 m - a scroll of magic mapping
 r - a scroll of enchant armour {unknown}
 u - a scroll of enchant weapon {unknown}
Potions
 e - a potion of lignification
 h - a potion of curing {unknown}
 o - a potion of mutation {unknown}
 q - a potion of haste {unknown}
 t - a potion of agility {unknown}
 w - a potion of berserk rage {unknown}
Comestibles
 f - a bread ration
 n - 3 meat rations


   Skills:
 + Level 4.9 Fighting
 + Level 4.6 Short Blades
 + Level 0.1 Throwing
 + Level 4.8 Armour
 + Level 1.4 Dodging
 + Level 0.1 Stealth
 + Level 4.8 Shields


You had 6 spell levels left.
You didn't know any spells.

Dungeon Overview and Level Annotations

Branches:
Dungeon (4/15)             Temple (0/1) D:4

Altars:
Dithmenos


Message History

You block the ogre's attack.
You hit the ogre.
The ogre is heavily wounded.
The ogre completely misses you.
You barely miss the ogre.
The ogre is heavily wounded.
You block the ogre's attack.
You hit the ogre.
The ogre is severely wounded.
You barely miss the ogre.
The ogre is severely wounded.
The ogre closely misses you.
You closely miss the ogre.
The ogre is severely wounded.
The ogre hits you with a giant spiked club!
* * * LOW HITPOINT WARNING * * *
You hit the ogre.
The ogre is almost dead.
The ogre hits you with a giant spiked club!!
You die...

#.###### #......# #......#
#......# #......## #..l...'
#####O.....# #...)...##O#
#.......##@# #.......##.#
#..........############
#........##...........#
#........##.#########.# #
###...#####.....# #.# #
#...># #####.# #.#
########....# #.# #.#
.......#.############.#####.#


You could see an ogre.

Vanquished Creatures
  The ghost of Alfie the Shield-Bearer, an amateur HOFi (D:3)
  A phantom (D:4)
  An ogre (D:4)
  A hound (D:4)
  A hound skeleton (D:4)
  6 adders
  A worm (D:2)
  5 dart slugs
  2 leopard geckos
  8 orcs
  4 giant cockroaches (D:1)
  9 goblins
  7 hobgoblins
  4 jackals (D:2)
  6 bats
  6 frilled lizards
  8 kobolds
  7 rats
78 creatures vanquished.

Notes
Turn   | Place    | Note
-------+----------+-------------------------------------------
     0 | D:1      | Alfie the Hill Orc Fighter began the quest for the Orb.
     0 | D:1      | Reached XP level 1. HP: 19/19 MP: 1/1
    14 | D:1      | Noticed a water moccasin
    14 | D:1      | Noticed a lindwurm
    14 | D:1      | Noticed a black bear
   268 | D:1      | Reached XP level 2. HP: 20/27 MP: 2/2
   461 | D:1      | Reached XP level 3. HP: 25/33 MP: 3/3
   960 | D:2      | Reached XP level 4. HP: 26/40 MP: 4/4
  1055 | D:2      | You fall through a shaft!
  1376 | D:2      | Found a shadowy altar of Dithmenos.
  1825 | D:3      | Reached XP level 5. HP: 31/46 MP: 5/5
  1850 | D:3      | Reached skill level 1 in Dodging
  1853 | D:3      | Noticed Alfie's ghost (amateur HOFi)
  1865 | D:3      | Killed Alfie's ghost
  1865 | D:3      | Reached XP level 6. HP: 17/53 MP: 6/6
  2040 | D:4      | Noticed a phantom
  2059 | D:4      | Killed a phantom
  2097 | D:4      | Found a staircase to the Ecumenical Temple.
  2137 | D:4      | Reached XP level 7. HP: 18/60 MP: 7/7
  2409 | D:4      | Slain by an ogre

Skill      XL: |  1  2  3  4  5 |
---------------+----------------+-----
Fighting       | 4 |  4.9
Shields        | 4 |  4.8
Short Blades   | 3 4 |  4.6
Armour         | 4 |  4.8
Dodging        | 1 |  1.4
Throwing       | |  0.1
Stealth        | |  0.1

Action                   |  1- 3 |  4- 6 |  7- 9 || total
-------------------------+-------+-------+-------++-------
Melee: Rapier            |   140 |   144 |    35 ||   319
Throw: Tomahawk          |       |     2 |       ||     2
  Use: Scroll            |     1 |     2 |       ||     3
       Potion            |       |     1 |     1 ||     2
  Eat: Bread ration      |       |     1 |       ||     1
       Royal jelly       |       |     1 |       ||     1
Armor: Scale mail        |    73 |    58 |     6 ||   137
       Skin              |       |       |    10 ||    10
Dodge: Dodged            |    42 |    42 |     8 ||    92
Block: Shield            |    68 |    73 |    12 ||   153
